 Dungeon Crawl Stone Soup version 0.28-a0-1206-g193881aaa2 (webtiles) character file.

Game seed: 17673579120779529320

632 ytrimaz the Insei (level 7, -8/45 HPs)
             Began as an Octopode Transmuter on Dec 20, 2021.
             Mangled by a scorpion (9 damage)
             ... on level 4 of the Dungeon.
             The game lasted 00:06:02 (4563 turns).

ytrimaz the Insei (Octopode Transmuter)             Turns: 4563, Time: 00:06:03

Health: -8/45      AC:  1    Str:  9    XL:     7   Next: 49%
Magic:  20/22      EV: 13    Int: 18    God:
Gold:   232        SH:  0    Dex: 12    Spells: 8/14 levels left

rFire   . . .      SeeInvis .     - Unarmed
rCold   . . .      Faith    .   (no shield)
rNeg    . . .      Spirit   .   (helmet currently unavailable)
rPois   .          Reflect  .   (no amulet)
rElec   .          Harm     .   g - ring of magical power
rCorr   .          Rampage  .   (no ring)
Will    .....                   (no ring)
Stlth   ++........              (no ring)
HPRegen 0.15/turn               (no ring)
MPRegen 0.18/turn               (no ring)
                                (no ring)
                                (no ring)

@: lethally poisoned (-8 -> -20), appendages, very slightly contaminated
A: tentacle spike 3, almost no armour, amphibious, 8 rings, camouflage 1,
gelatinous body 1, (nimble swimmer 1), tentacles
a: End Transformation


You were on level 4 of the Dungeon.
One of your tentacles had grown a beastly spike.
You visited 1 branch of the dungeon, and saw 4 of its levels.
You also visited: Sewer.

You collected 232 gold pieces.

Inventory:

Armour
 e - a +1 hat (melded)
Jewellery
 g - a ring of magical power (left tentacle)
Wands
 j - a wand of iceblast (4)
Scrolls
 a - a scroll of noise
 c - a scroll of teleportation
 i - a scroll of enchant weapon
Potions
 b - 2 potions of invisibility
 d - 2 potions of ambrosia
 f - 2 potions of heal wounds
 h - a potion of curing
 k - a potion of berserk rage
 l - a potion of brilliance {unknown}
 m - a potion of degeneration {unknown}


   Skills:
 * Level 2.7 Fighting
 * Level 3.3 Dodging
 + Level 4.5 Unarmed Combat
 * Level 4.1 Spellcasting
 * Level 3.9 Transmutations
 * Level 2.6 Poison Magic


You had 8 spell levels left.
You knew the following spells:

 Your Spells              Type           Power      Damage    Failure   Level
a - Beastly Appendage     Tmut           36%        N/A       2%          1
b - Wereblood             Tmut           18%        N/A       4%          2
c - Spider Form           Tmut/Pois      15%        N/A       12%         3

Your spell library contained the following spells:

 Spells                   Type           Power      Damage    Failure   Level
 Ice Form                 Ice/Tmut       10%        N/A       54%         4


Dungeon Overview and Level Annotations

Branches:
Dungeon (4/15)              Sewer (visited)
 Temple: D:4-7

Altars:
Gozag

Portals:
Abyss: D:3

Annotations:
D:3 2 transporters, avis's ghost, amateur OgHu


Innate Abilities, Weirdness & Mutations

One of your tentacles has grown a beastly spike.
You cannot wear most types of armour.
You are amphibious.
You can wear up to eight rings at the same time.
Your skin changes colour to match your surroundings (Stealth+).
Your rubbery body absorbs attacks. (AC +1, EV +1)
((You are camouflaged near water. (Stealth+)))
You have tentacles for arms and can constrict up to eight enemies at once.


Message History

You constrict the orc, but do no damage.
You tentacle-slap the orc.
You pierce the orc.
You tentacle-slap the orc, but do no damage.
The orc is severely wounded.
You constrict the orc, but do no damage.
The orc misses you.
You tentacle-slap the orc but do no damage.
You pierce the orc.
You kill the orc!
You barely miss the orc. You grab the orc.
You pierce the orc.
The orc is lightly wounded.
You constrict the orc.
Casting: Beastly Appendage (safe; 2% risk of failure)
Confirm with . or Enter, or press ? or * to list all spells.
You miscast Spider Form.
You are very lightly contaminated with residual magic.
Nothing appears to happen.
You constrict the orc. The orc misses you.
A scorpion comes into view.
You tentacle-slap the orc.
You kill the orc!
Items here: ( )) [ †.
Unknown command.
You tentacle-slap the scorpion but do no damage.
You grab the scorpion.
You constrict the scorpion, but do no damage.
The scorpion stings you!
You tentacle-slap the scorpion.
The scorpion is lightly wounded.
You constrict the scorpion, but do no damage.
The scorpion stings you!
* * * LOW HITPOINT WARNING * * *
You are lethally poisoned!
The scorpion poisons you!
You tentacle-slap the scorpion.
You pierce the scorpion.
The scorpion is heavily wounded.
You constrict the scorpion.
* * * LOW HITPOINT WARNING * * *
You feel very sick. The scorpion barely misses you. The scorpion stings you!
You die...

#.. ##...#### #.#
##.. .... #.#
##..####... #.#
##.....##... #..
##......##... #.#
##.......##...
#s###........##...
#@##.....>....'...
#.#....#..#####...
#.....##.........(
##...####.###.....
##### #...'.....
#####.....
#####.....
#.........
#.###.....


You could see a scorpion.

Vanquished Creatures
  An ogre (D:3)
  2 kobold brigands (Sewer)
  2 water moccasin skeletons (D:4)
  A hound (D:4)
  A gnoll shaman (D:4)
  An orc priest (D:4)
  An iguana (D:4)
  An orc wizard (D:4)
  5 adders
  2 river rats
  An adder skeleton (D:4)
  5 worms
  A dart slug (D:3)
  10 orcs
  13 endoplasms
  7 giant cockroaches
  2 goblins
  6 hobgoblins
  7 kobolds
  2 quokkas (D:1)
  11 ball pythons
  3 bats (D:3)
  3 frilled lizards
  9 rats
97 creatures vanquished.

Notes
Turn   | Place    | Note
-------+----------+-------------------------------------------
     0 | D:1      | ytrimaz the Octopode Transmuter began the quest for the
                  | Orb.
     0 | D:1      | Reached XP level 1. HP: 13/13 MP: 3/3
   263 | D:1      | Reached XP level 2. HP: 10/18 MP: 5/5
   497 | D:1      | Found a faded altar of an unknown god.
   853 | D:2      | Learned a level 2 spell: Wereblood
   965 | D:2      | Reached XP level 3. HP: 23/23 MP: 4/6
   973 | D:2      | Learned a level 3 spell: Spider Form
  1195 | D:2      | Found an opulent altar of Gozag.
  1531 | D:3      | Found a glowing drain.
  1551 | D:3      | Reached XP level 4. HP: 28/28 MP: 7/7
  1557 | Sewer    | Entered a sewer
  1909 | Sewer    | Noticed a kobold brigand
  1933 | Sewer    | Killed a kobold brigand
  1934 | Sewer    | Reached skill level 1 in Poison Magic
  1934 | Sewer    | Reached XP level 5. HP: 15/34 MP: 9/9
  2329 | Sewer    | Noticed a kobold brigand
  2404 | Sewer    | Killed a kobold brigand
  2405 | Sewer    | Reached XP level 6. HP: 33/39 MP: 10/10
  2814 | D:3      | Found a transporter.
  2814 | D:3      | Found a transporter.
  3131 | D:3      | Found a one-way gate to the infinite horrors of the Abyss.
  3131 | D:3      | Noticed avis's ghost (amateur OgHu)
  3760 | D:4      | Reached XP level 7. HP: 25/45 MP: 12/12
  4563 | D:4      | HP: 1/45 [poisoned by a scorpion]
  4563 | D:4      | Mangled by a scorpion

Illustrated notes

Levels and vault maps discovered:
D:1:      nicolae_arrival_somewhat_less_tricky_arrival, layout_rooms,
          hellmonk_ecumenical_altar_blasted
D:2:      layout_rooms, basic_altar, st_stairs_6, minmay_tromino_i4
D:3:      layout_loops_corners, gup_sewer_entry_bubbles,
          gammafunk_ghost_abyssal_escape
D:4:      layout_basic, minmay_manual_mandibuliform

Skill      XL: |  1  2  3  4  5  6  7 |
---------------+----------------------+-----
Spellcasting   | 3 4 |  4.1
Poison Magic   | 1 2 |  2.6
Transmutations | 3 |  3.9
Fighting       | 2 |  2.7
Unarmed Combat | 4 |  4.5
Dodging        | 3 |  3.3

Action                   |  1- 3 |  4- 6 |  7- 9 || total
-------------------------+-------+-------+-------++-------
Melee: Unarmed           |    74 |   115 |    65 ||   254
       Constrict         |    20 |    20 |     8 ||    48
       Kick              |    11 |    24 |    10 ||    45
       Tentacles         |     5 |    16 |     2 ||    23
       Punch             |     1 |     1 |     1 ||     3
 Cast: Beastly Appendage |    17 |    23 |     5 ||    45
       Wereblood         |     2 |     1 |     1 ||     4
       Spider Form       |       |     4 |     5 ||     9
Evoke: Wand              |       |     2 |       ||     2
  Use: Scroll            |     5 |     3 |     2 ||    10
       Potion            |     3 |     1 |       ||     4
 Stab: Sleeping          |     1 |    12 |       ||    13
Armor: Skin              |     3 |     5 |     4 ||    12
Dodge: Dodged            |    37 |    70 |    52 ||   159

Table legend: (Time is in decaauts)
 A = Elapsed time spent in this place.
 B = Non-inter-level travel time spent in this place.
 C = Inter-level travel time spent in this place.
 D = Time resting spent in this place.
 E = Time spent auto-exploring this place.
 F = Levels seen in this place.
 G = Mean time per level.
                   A        B        C        D        E       F      G
               +--------+--------+--------+--------+--------+-----+--------+
         Total |   4549 |   4429 |    120 |    566 |   2896 |   5 |  909.8 |
       Dungeon |   3379 |   3259 |    120 |    392 |   2201 |   4 |  844.8 |
         Sewer |   1169 |   1169 |      0 |    174 |    695 |   1 | 1169.0 |
               +--------+--------+--------+--------+--------+-----+--------+

Top non-repeatable levels by time:
     D:3: 1305 daAuts
   Sewer: 1169 daAuts
     D:1: 847 daAuts
     D:4: 692 daAuts
     D:2: 533 daAuts
